 Dungeon Crawl Stone Soup version 0.29-a0-364-g921d912d32 (webtiles) character file.

Game seed: 7617530447372775523

280 sammy202020 the Skirmisher (level 6, 0/47 (49) HPs)
             Began as a Demonspawn Berserker on May 1, 2022.
             Was a Priest of Trog.
             Slain by a wight
             ... wielding a +3 falchion
              (14 damage)
             ... on level 3 of the Dungeon.
             The game lasted 00:04:10 (3154 turns).

sammy202020 the Skirmisher (Demonspawn Berserker)   Turns: 3154, Time: 00:04:10

HP:   0/47 (49)     AC:  9    Str: 17    XL:     6   Next: 5%
MP:   6/6           EV:  7    Int: 10    God:    Trog [***...]
Gold: 199           SH:  0    Dex: 13    Spells: 5/5 levels left

rFire   . . .      SeeInvis .   d - +0 war axe
rCold   . . .      Faith    .   (no shield)
rNeg    . . .      Spirit   .   k - +0 chain mail
rPois   .          Reflect  .   (helmet restricted)
rElec   .          Harm     .   (no cloak)
rCorr   +          Rampage  .   (no gloves)
Will    .....                   (no boots)
Stlth   ..........              (no amulet)
HPRegen 0.15/turn               c - ring of resist corrosion
MPRegen 0.10/turn               (no ring)

@: lightly drained
A: horns 1, demonic guardian 2
a: Renounce Religion, Berserk, Trog's Hand


You were on level 3 of the Dungeon.
You worshipped Trog.
Trog was most pleased with you.
You visited 1 branch of the dungeon, and saw 3 of its levels.

You collected 199 gold pieces.

Inventory:

Hand Weapons
 a - a +0 hand axe
 d - a +0 war axe (weapon)
Armour
 e - a +0 helmet
 k - a +0 chain mail (worn)
Jewellery
 c - a ring of resist corrosion (left hand)
Wands
 j - a wand of digging (1)
Scrolls
 g - a scroll of fear
 l - a scroll of magic mapping
Potions
 b - a potion of berserk rage {unknown}
 f - a potion of flight
 h - 2 potions of curing
 i - a potion of might {unknown}
 m - a potion of brilliance {unknown}
 n - a potion of mutation {unknown}


   Skills:
 * Level 4.6 Fighting
 * Level 4.2 Axes
 + Level 2.8 Armour
 + Level 2.7 Dodging


You had 5 spell levels left.
You didn't know any spells.
Your spell library was empty.

Dungeon Overview and Level Annotations

Branches:
Dungeon (3/15)

Altars:

Shops:
D:2 !   D:3 (


Innate Abilities, Weirdness & Mutations

You have a pair of small horns on your head.
A demonic guardian rushes to your aid.


Message History

The wight is severely damaged.
The wight closely misses you.
You hit the wight. Your headbutt misses the wight. Your punch misses the wight.
The wight is severely damaged.
The wight completely misses you.
You barely miss the wight.
The wight is severely damaged.
The wight hits you with a +3 falchion.
You feel drained.
You hit the wight but do no damage.
The wight is severely damaged.
The wight hits you with a +3 falchion!
You feel drained.
A demonic guardian appears!
The wight hits you with a +3 falchion.
You are too injured to fight recklessly!
You are too injured to fight recklessly!
You are too injured to fight recklessly!
You are too injured to fight recklessly!
You are too injured to fight recklessly!
You are too injured to fight recklessly!
You are too injured to fight recklessly!
You are too injured to fight recklessly!
You are too injured to fight recklessly!
You are too injured to fight recklessly!
You are too injured to fight recklessly!
You are too injured to fight recklessly!
You are too injured to fight recklessly!
You are too injured to fight recklessly!
You are too injured to fight recklessly!
You are too injured to fight recklessly!
You are too injured to fight recklessly!
You are too injured to fight recklessly!
You are too injured to fight recklessly!
Unknown command.
You hit the wight but do no damage. Your headbutt misses the wight.
The wight is severely damaged.
The wight hits you with a +3 falchion.
* * * LOW HITPOINT WARNING * * *
You barely miss the wight. You headbutt the wight.
The wight is almost destroyed.
The wight hits you with a +3 falchion!
You die...

#.# #.# ####........
#.# #.# .......(.
#.# #.# #.....##.
#.###.#######.##..#
...................
#.###.#######.##...#
..# #.# #.##.#.# ..#
#.# #.##z#.# # ..#
#.# #.##@#.#.# .##
#.# #..4.....# ##
#.#######.....#..#
#####.......#...!.#
.#
...########.#.....#
# ##.# #.#.....# #.#
#.#.##### #.# #.#.#
#.# #.#.#


You could see a wight (ally target) and a friendly ice devil (summoned).

Vanquished Creatures
  A wight (D:3)
  4 adders (D:3)
  A shadow imp (D:3)
  2 worms
  2 dart slugs (D:3)
  3 orcs (D:2)
  3 bats
  2 endoplasms
  6 giant cockroaches
  A goblin (D:1)
  7 hobgoblins
  4 quokkas
  3 ball pythons
  18 frilled lizards
  3 kobolds
  6 rats
66 creatures vanquished.

Vanquished Creatures (collateral kills)
  2 wights (D:3)
  An adder (D:3)
3 creatures vanquished.

Vanquished Creatures (others)
  11 plants
11 creatures vanquished.

Grand Total: 80 creatures vanquished

Notes
Turn   | Place    | Note
-------+----------+-------------------------------------------
     0 | D:1      | sammy202020 the Demonspawn Berserker began the quest for
                  | the Orb.
     0 | D:1      | Reached XP level 1. HP: 18/18 MP: 1/1
   210 | D:1      | Gained mutation: A weak demonic guardian rushes to your
                  | aid. [demonic ancestry]
   210 | D:1      | Reached XP level 2. HP: 22/24 MP: 2/2
   758 | D:1      | Reached ** piety under Trog
  1139 | D:2      | Found Siath's Distillery.
  1210 | D:2      | Reached XP level 3. HP: 11/29 MP: 3/3
  2005 | D:3      | Gained mutation: A demonic guardian rushes to your aid.
                  | [demonic ancestry]
  2005 | D:3      | Reached XP level 4. HP: 28/37 MP: 4/4
  2006 | D:3      | Found Xuul's Weapon Boutique.
  2591 | D:3      | Reached XP level 5. HP: 18/42 MP: 5/5
  2603 | D:3      | Reached *** piety under Trog
  2860 | D:3      | Gained mutation: You have a pair of small horns on your
                  | head. [demonic ancestry]
  2860 | D:3      | Reached XP level 6. HP: 41/49 MP: 6/6
  3154 | D:3      | Slain by a wight

Illustrated notes

Levels and vault maps discovered:
D:1:      lemuel_arrival_cross, layout_rooms, serial_curves, eino_curves_04,
          eino_curves_01, serial_bayou_lake_a
D:2:      layout_basic, serial_shops, nicolae_shop_stone
D:3:      layout_basic, serial_shops, nicolae_square_shop, minmay_lizard_king

Skill      XL: |  1  2  3  4  5 |
---------------+----------------+-----
Axes           | 3 4 |  4.2
Armour         | 2 |  2.8
Dodging        | 2 |  2.7
Fighting       | 4 |  4.6

Action                   |  1- 3 |  4- 6 || total
-------------------------+-------+-------++-------
Melee: Hand axe          |   108 |    47 ||   155
       Punch             |     1 |     1 ||     2
       War axe           |       |    28 ||    28
       Headbutt          |       |     2 ||     2
Invok: Berserk           |     1 |       ||     1
       Trog's Hand       |     1 |       ||     1
  Use: Scroll            |     7 |       ||     7
 Stab: Sleeping          |     1 |       ||     1
Armor: Animal skin       |    12 |       ||    12
       Chain mail        |    40 |    35 ||    75
Dodge: Dodged            |    38 |    32 ||    70

Table legend: (Time is in decaauts)
 A = Elapsed time spent in this place.
 B = Non-inter-level travel time spent in this place.
 C = Inter-level travel time spent in this place.
 D = Time resting spent in this place.
 E = Time spent auto-exploring this place.
 F = Levels seen in this place.
 G = Mean time per level.
                   A        B        C        D        E       F      G
               +--------+--------+--------+--------+--------+-----+--------+
         Total |   3215 |   3071 |    144 |      0 |   2477 |   3 | 1071.7 |
       Dungeon |   3215 |   3071 |    144 |      0 |   2477 |   3 | 1071.7 |
               +--------+--------+--------+--------+--------+-----+--------+

Top non-repeatable levels by time:
     D:3: 1214 daAuts
     D:1: 1169 daAuts
     D:2: 831 daAuts
